 Dungeon Crawl Stone Soup version 0.30-a0-778-g2ef04afb54 (webtiles) character file.

Game seed: 17874045012341071598

72 retardedninja the Trooper (level 4, -1/40 HPs)
             Began as a Minotaur Fighter on Feb 15, 2023.
             Slain by Grinder (7 damage)
             ... on level 2 of the Dungeon.
             The game lasted 00:02:10 (1833 turns).

retardedninja the Trooper (Minotaur Fighter)        Turns: 1833, Time: 00:02:10

Health: -1/40      AC: 10    Str: 23    XL:     4   Next: 6%
Magic:  3/3        EV:  7    Int:  5    God:
Gold:   103        SH:  4    Dex:  9    Spells: 3/3 levels left

rFire   x . .      SeeInvis .    a - +0 war axe
rCold   . . .      Faith    .    c - +0 buckler
rNeg    . . .      Spirit   .    l - +0 chain mail
rPois   .          Reflect  .    (helmet restricted)
rElec   .          Harm     .    (no cloak)
rCorr   .          Rampage  .    e - +0 pair of gloves
Will    .....                    (no boots) Stlth
                                 (no amulet)
HPRegen 0.26/turn                (no ring)
MPRegen 0.08/turn                (no ring)

@: mighty
A: horns 2, retaliatory headbutt, heat vulnerability 1
a: no special abilities


You were on level 2 of the Dungeon.
You visited 1 branch of the dungeon, and saw 3 of its levels.

You collected 103 gold pieces.

Inventory:

Hand Weapons
 a - a +0 war axe (weapon)
Armour
 c - a +0 buckler (worn)
 e - a +0 pair of gloves (worn)
 l - a +0 chain mail (worn)
Jewellery
 n - a +4 ring of protection
Scrolls
 f - a scroll of amnesia {unknown}
 g - 2 scrolls of identify {unknown}
 h - 2 scrolls of torment {unknown}
 j - 2 scrolls of fog {unknown}
 k - a scroll of blinking {unknown}
 m - 2 scrolls of teleportation {unknown}
 o - a scroll of vulnerability {unknown}
Potions
 i - a potion of mutation


   Skills:
 + Level 4.2 Fighting
 * Level 3.6 Axes
 + Level 4.2 Armour
 + Level 4.2 Shields


You had 3 spell levels left.
You didn't know any spells.
Your spell library contained the following spells:

 Spells                   Type           Power      Damage    Failure   Level
 Ozocubu's Armour         Ice            0%         N/A       100%        3
 Ozocubu's Refrigeration  Ice            0%         4d7       100%        7


Dungeon Overview and Level Annotations

Branches:
Dungeon (3/15)

Altars:

Annotations:
D:2 Grinder


Innate Abilities, Weirdness & Mutations

You have a pair of horns on your head.
You reflexively headbutt those who attack you in melee.
You are vulnerable to heat. (rF-)


Message History

Grinder hits you but does no damage.
You climb upwards.
There is a stone staircase leading down here.
You barely miss Grinder. Grinder gestures at you.
Pain shoots through your body!
You hit Grinder. Your headbutt misses Grinder.
Grinder is lightly wounded.
Grinder barely misses you.
Grinder says, "Tell me all your secrets, or I'll kill you."
Grinder gestures at you. You resist with significant effort.
You slash Grinder!
Grinder is moderately wounded.
Grinder hits you.
You writhe in agony.
You closely miss Grinder.
Grinder is moderately wounded.
Grinder hits you but does no damage.
You closely miss Grinder. Your headbutt misses Grinder.
Grinder is lightly wounded.
Grinder completely misses you. You furiously retaliate!
You headbutt Grinder.
Grinder blinks!
Grinder gestures at you. Pain shoots through your body!
Things that are here:
a +0 dagger; an orc skeleton Grinder gestures at you.
You suddenly lose the ability to move!
Grinder gestures at you. Pain shoots through your body!
You can move again.
It was a potion of mutation.
You feel extremely strange.
You feel robust.
You feel frail.
You feel vulnerable to heat.
It was a potion of magic.
Magic courses through your body. Grinder hits you.
* * * LOW HITPOINT WARNING * * *
You writhe in agony.
* * * LOW HITPOINT WARNING * * *
You feel very mighty all of a sudden. Grinder hits you!
You die...

#.##.'...'..<#
#.####...#####
#.)..#...# ####.#####
#.###########
##'#.........#
#....#######.#########
#....#................
#..รท)@5#####.#########
#...>)................
##'#########.#########
#.#########'####
#.##...........#
#.##...........#
#.##...........#
#...........####
############# ####


You could see Grinder.

Vanquished Creatures
  2 adders (D:2)
  A worm (D:2)
  A dart slug (D:2)
  3 orcs (D:2)
  4 ball pythons
  4 bats
  4 endoplasms (D:2)
  A giant cockroach (D:2)
  4 hobgoblins
  7 jackals (D:1)
  A kobold (D:1)
  3 quokkas
  A frilled lizard (D:1)
  2 goblins
  4 rats
42 creatures vanquished.

Notes
Turn   | Place    | Note
-------+----------+-------------------------------------------
     0 | D:1      | retardedninja the Minotaur Fighter began the quest for the
                  | Orb.
     0 | D:1      | Reached XP level 1. HP: 19/19 MP: 0/0
   192 | D:1      | Reached XP level 2. HP: 27/27 MP: 1/1
   811 | D:2      | Reached XP level 3. HP: 26/33 MP: 2/2
  1532 | D:3      | Noticed Grinder
  1554 | D:2      | Reached XP level 4. HP: 37/40 MP: 3/3
  1828 | D:2      | Paralysed by Grinder for 3 turns
  1831 | D:2      | Gained mutation: You are robust. (+10% HP) [potion of
                  | mutation]
  1831 | D:2      | Lost mutation: You are robust. (+10% HP) [potion of
                  | mutation]
  1831 | D:2      | Gained mutation: You are vulnerable to heat. (rF-) [potion
                  | of mutation]
  1833 | D:2      | Slain by Grinder

Illustrated notes

Levels and vault maps discovered:
D:1:      matt_arrival_refuge, layout_loops_ring
D:2:      layout_basic, kennysheep_generic_room_6
D:3:      layout_rooms, uniq_robin, uniq_jessica, uniq_grinder

Skill      XL: |  1  2 |
---------------+-------+-----
Axes           | 3 |  3.6
Shields        | 4 |  4.2
Fighting       | 4 |  4.2
Armour         | 4 |  4.2

Action                     |  1- 3 |  4- 6 || total
---------------------------+-------+-------++-------
  Melee: War axe           |    74 |    10 ||    84
         Headbutt          |     7 |       ||     7
    Use: Potion            |       |     3 ||     3
 Armour: Scale mail        |    22 |       ||    22
         Chain mail        |    23 |     6 ||    29
  Dodge: Dodged            |    40 |     4 ||    44
  Block: Buckler           |    18 |     1 ||    19

Table legend: (Time is in decaauts)
 A = Elapsed time spent in this place.
 B = Non-inter-level travel time spent in this place.
 C = Inter-level travel time spent in this place.
 D = Time resting spent in this place.
 E = Time spent auto-exploring this place.
 F = Levels seen in this place.
 G = Mean time per level.
                   A        B        C        D        E       F      G
               +--------+--------+--------+--------+--------+-----+--------+
         Total |   1868 |   1764 |    104 |    419 |   1041 |   3 |  622.7 |
       Dungeon |   1868 |   1764 |    104 |    419 |   1041 |   3 |  622.7 |
               +--------+--------+--------+--------+--------+-----+--------+

Top non-repeatable levels by time:
     D:2: 1158 daAuts
     D:1: 692 daAuts
     D:3: 18 daAuts
